 Dungeon Crawl Stone Soup version 0.19-a0-1889-g9c603be (console) character file.

99 brucemayne the Chopper (level 4, -5/39 HPs)
             Began as a Hill Orc Monk on Oct 17, 2016.
             Splashed by a jelly's acid (11 damage)
             ... on level 5 of the Dungeon.
             The game lasted 00:03:02 (653 turns).

brucemayne the Chopper (Hill Orc Monk)               Turns: 653, Time: 00:03:04

Health: -5/39      AC: -7    Str: 14    XL:     4   Next: 72%
Magic:  4/4        EV: 11    Int: 10    God:
Gold:   49         SH:  0    Dex: 13    Spells: 0 memorised, 3 levels left

rFire  . . .     SeeInvis .     a - +0 hand axe
rCold  . . .     Gourm    .     d - +0 ring mail
rNeg   . . .     Faith    .     (no shield)
rPois  .         Spirit   .     (no helmet)
rElec  .         Reflect  .     (no cloak)
rCorr  .         Harm     .     (no gloves)
MR     .....                    (no boots)
Stlth  +.........               (no amulet)
                                (no ring)
                                (no ring)

@: corroded
A: no striking features
a: Convert to Beogh


You were on level 5 of the Dungeon.
You were not hungry.

You visited 1 branch of the dungeon, and saw 5 of its levels.

You collected 49 gold pieces.

Inventory:

Hand Weapons
 a - a +0 hand axe (weapon)
Missiles
 e - 5 needles of confusion
Armour
 b - a +0 robe
 d - a +0 ring mail (worn)
Potions
 k - a potion of flight
Comestibles
 c - 2 bread rations
 i - 3 fruits
 l - a meat ration


   Skills:
 - Level 3.6 Fighting
 + Level 7.0 Axes
 - Level 2.4 Dodging
 - Level 1.5 Stealth


You had 3 spell levels left.
You didn't know any spells.

Dungeon Overview and Level Annotations

Branches:
Dungeon (4/15)             Temple (0/1) D:5

Altars:

Annotations:
D:3 exclusion: downstairs, Jessica, Sigmund


Message History

The orc priest casts a cantrip, but nothing happens.
The orc shouts!
You slash the jelly! The acid corrodes you!
Your hands burn!
The jelly is moderately wounded.
The jelly barely misses you.
The orc priest looks encouraged for a moment.
You hit the jelly. The acid corrodes you!
Your hands burn!
The jelly is heavily wounded.
The jelly hits you.
You are splashed with acid!
The acid burns!
You hit the jelly.
Your hands burn!
The jelly is severely wounded.
The jelly barely misses you.
The orc priest shouts, "Surrender to Beogh and we'll let you live!"
You hit the jelly. The acid corrodes you!
Your hands burn!
* * * LOW HITPOINT WARNING * * *
The jelly is almost dead.
The jelly hits you.
* * * LOW HITPOINT WARNING * * *
You are splashed with acid!
The acid burns!
You die...

#.)...#*******,#.#
#..J..#*,,,,,,,#.#
#.....##.#*****#.#
#........# #o#
#....######### #o#
#....'.J.....# #o#
#....#######.# #.#
###### #.# #.#
#.###@# #...J.#
#######


You could see an orc warrior, a jelly, an orc priest and an orc.

Vanquished Creatures
  A bullfrog (D:3)
  An adder (D:3)
  An ooze (D:4)
  An orc (D:5)
  3 bats
  A giant cockroach (D:3)
  A goblin (D:3)
  5 hobgoblins
  2 quokkas
  4 rats
20 creatures vanquished.

Notes
Turn   | Place    | Note
-------+----------+-------------------------------------------
     0 | D:1      | brucemayne the Hill Orc Monk began the quest for the Orb.
     0 | D:1      | Reached XP level 1. HP: 19/19 MP: 1/1
   163 | D:2      | Reached XP level 2. HP: 26/26 MP: 2/2
   224 | D:4      | Noticed a centaur
   250 | D:3      | Noticed a bullfrog
   288 | D:3      | Reached skill level 5 in Axes
   406 | D:3      | Noticed Jessica
   406 | D:3      | Noticed Sigmund
   491 | D:3      | Reached XP level 3. HP: 24/31 MP: 3/3
   508 | D:3      | Killed a bullfrog
   508 | D:3      | Reached skill level 7 in Axes
   508 | D:3      | Reached XP level 4. HP: 13/39 MP: 4/4
   612 | D:3      | You fall through a shaft for 2 floors!
   612 | D:5      | Entered Level 5 of the Dungeon
   646 | D:5      | Noticed an orc warrior
   653 | D:5      | Splashed by a jelly's acid

Vault maps used:
D:1:      eino_arrival_druids_welcome, minmay_large_rounded_square
D:2:      kennysheep_goblin_castle, uniq_terence
D:3:      uniq_jessica, uniq_sigmund, uniq_iyjb
D:4:      serial_shops, shop_coins, first_bread, st_stairs_4
D:5:      kennysheep_mini_moat, chequers_temple_overflow_minitemple, uniq_pikel

Skill      XL: |  1  2  3 |
---------------+----------+-----
Axes           | 5 7 |  7.0
Fighting       | |  3.6
Dodging        | |  2.4
Stealth        | |  1.5

Action                   |  1- 3 |  4- 6 || total
-------------------------+-------+-------++-------
Melee: Hand axe          |    82 |     6 ||    88
  Use: Potion            |     3 |       ||     3
       Scroll            |       |     2 ||     2
 Stab: Invisible         |     3 |       ||     3
Armor: Ring mail         |    42 |       ||    42
       Robe              |     1 |       ||     1
Dodge: Dodged            |    75 |     2 ||    77
